 Dungeon Crawl Stone Soup version 0.30.1-4-g462c640d31 (webtiles) character file.

Game seed: 12296282289243424390

11 ChrisAssaf the Sneak (level 2, -4/22 HPs)
             Began as a Demonspawn Brigand on Aug 31, 2023.
             Slain by Sigmund
             ... wielding a +2 scythe of protection
              (14 damage)
             ... on level 2 of the Dungeon.
             The game lasted 00:01:37 (437 turns).

ChrisAssaf the Sneak (Demonspawn Brigand)            Turns: 437, Time: 00:01:37

Health: -4/22      AC:  3    Str: 11    XL:     2   Next: 13%
Magic:  2/2        EV: 11    Int: 12    God:
Gold:   40         SH:  0    Dex: 14    Spells: 1/1 levels left

rFire   . . .        a - +2 dagger
rCold   . . .        (no shield)
rNeg    . . .        b - +0 robe
rPois   .            (no helmet)
rElec   .            c - +0 cloak
rCorr   .            (no gloves)
SInv    .            (no boots)
Will    .....        (no amulet)
Stlth   +++          (no ring)
HPRegen 0.23/turn    (no ring)
MPRegen 0.08/turn

%: no passive effects
@: no status effects
A: demonic guardian 1
a: no special abilities


You were on level 2 of the Dungeon.
You visited 1 branch of the dungeon, and saw 2 of its levels.

You collected 40 gold pieces.

Inventory:

Hand Weapons
 a - a +2 dagger (weapon)
Missiles
 d - 13 poisoned darts (quivered)
Armour
 b - a +0 robe (worn)
 c - a +0 cloak (worn)
Scrolls
 g - a scroll of immolation {unknown}
 j - a scroll of identify {unknown}
 k - a scroll of vulnerability {unknown}
 m - a scroll of fear {unknown}
Potions
 f - 2 potions of flight {unknown}
 h - a potion of invisibility {unknown}
 i - 2 potions of mutation {unknown}
 l - 2 potions of heal wounds {unknown}
 n - a potion of lignification {unknown}


   Skills:
 * Level 2.0 Fighting
 * Level 1.9 Short Blades
 * Level 1.9 Throwing
 * Level 0.1 Armour
 * Level 0.9 Dodging
 * Level 3.9 Stealth
 * Level 0.1 Spellcasting


You had one spell level left.
You didn't know any spells.
Your spell library contained the following spells:

 Spells                   Type           Power      Damage    Failure   Level
 Lesser Beckoning         Tloc           0%         N/A       45%         2
 Gell's Gravitas          Tloc           0%         N/A       69%         3
 Teleport Other           Tloc           0%         N/A       69%         3


Dungeon Overview and Level Annotations

Branches:
Dungeon (2/15)

Altars:

Annotations:
D:2 Sigmund


Innate Abilities, Weirdness & Mutations

A weak demonic guardian rushes to your aid.


Message History

m - a scroll labelled JUXORADICH
n - a fizzy dark potion
Okay, then.
Throw: 13 darts (poison)
Press: ? - help, Q - select action, (/) - cycle Shift-Dir - straight line, f - giant cockroach
Aim: a giant cockroach (59% to hit)
You throw a poisoned dart.
The poisoned dart hits the giant cockroach.
The giant cockroach is poisoned.
You kill the giant cockroach!
You see here a giant cockroach corpse.
Sigmund the Dreaded comes into view.
He is wielding a +2 scythe of protection.
Sigmund shouts!
Sigmund drinks a potion.
Sigmund suddenly seems more resistant.
You see here a poisoned dart.
d - 13 poisoned darts (gained 1) Throw: 3 darts (curare)
Press: ? - help, Q - select action, (/) - cycle Shift-Dir - straight line, f - Sigmund
Aim: Sigmund, wielding a +2 scythe of protection and wearing a +0 robe (unusually resistant, 55% to hit)
You throw a curare-tipped dart.
The curare-tipped dart closely misses Sigmund.
Throw: 2 darts (curare)
Press: ? - help, Q - select action, (/) - cycle Shift-Dir - straight line, f/p - Sigmund
Aim: Sigmund, wielding a +2 scythe of protection and wearing a +0 robe (unusually resistant, 55% to hit)
You throw a curare-tipped dart. The curare-tipped dart hits Sigmund.
Throw: dart (curare)
Press: ? - help, Q - select action, (/) - cycle Shift-Dir - straight line, f/p - Sigmund
Aim: Sigmund, wielding a +2 scythe of protection and wearing a +0 robe (unusually resistant, 55% to hit)
You throw a curare-tipped dart. The curare-tipped dart hits Sigmund.
Sigmund gestures wildly while chanting.
Sigmund flickers and vanishes!
Deactivating autopickup; reactivate with Ctrl-A.
Something hits you.
You closely miss something. You hit something but do no damage.
Something hits you!
You miss something. Something hits you.
You hit something. You hit something. Something hits you!
Ouch! That really hurt!
You die...

............#...
................ ... .
###............. ... ..
###.###.###... .......
....###.###...
....$.#####..>.#.......
#.##....#..##.........
#...###...............
#.#..@{†..............
#.........#####<###...
.........##.(# #.# #...
###..##..##..# #.#.....
#......##.... ........
#...###........
........ #...
...#.............. ...
##............
.............


There were no monsters in sight!

Vanquished Creatures
  A dart slug (D:1)
  A ball python (D:1)
  A bat (D:1)
  2 endoplasms
  A giant cockroach (D:2)
  A kobold (D:1)
  A rat (D:1)
8 creatures vanquished.

Notes
Turn   | Place    | Note
-------+----------+-------------------------------------------
     0 | D:1      | ChrisAssaf the Demonspawn Brigand began the quest for the
                  | Orb.
     0 | D:1      | Reached XP level 1. HP: 16/16 MP: 1/1
   273 | D:1      | Gained mutation: A weak demonic guardian rushes to your
                  | aid. [demonic ancestry]
   273 | D:1      | Reached XP level 2. HP: 22/22 MP: 2/2
   423 | D:2      | Noticed Sigmund
   437 | D:2      | Slain by Sigmund

Illustrated notes

Levels and vault maps discovered:
D:1:      lightli_arrival_chessboard, layout_basic,
          hellmonk_ecumenical_altar_arch_garden, roderic_roman_lattice,
          grunt_decor_fettered, minmay_tiny_reverse_x
D:2:      cheibrodos_old_hovel, layout_rooms, uniq_sigmund, uniq_robin

Action                     || total
---------------------------++-------
  Melee: Dagger            ||    18
         Punch             ||     1
  Throw: Dart              ||     4
   Stab: Sleeping          ||     3
 Armour: Robe              ||     2
  Dodge: Dodged            ||     6
